 Dungeon Crawl Stone Soup version 0.26-a0-1086-g9010512d90 (webtiles) character file.

Game seed: 14602859269974605508

37 stormannn the Magician (level 3, 0/28 HPs)
             Began as a Deep Elf Air Elementalist on Dec 14, 2020.
             Succumbed to an adder's poison
             ... on level 2 of the Dungeon.
             The game lasted 00:01:41 (1124 turns).

stormannn the Magician (Deep Elf Air Elementalist)  Turns: 1124, Time: 00:01:42

Health: 0/28       AC: 21    Str:  5    XL:     3   Next: 23%
Magic:  10/10      EV:  2    Int: 20    God:
Gold:   48         SH:  0    Dex: 15    Spells: 8/9 levels left

rFire    . . .     SeeInvis .   (no weapon)
rCold    . . .     Faith    .   (no shield)
rNeg     + + +     Spirit   .   (armour currently unavailable)
rPois    +         Reflect  .   (helmet currently unavailable)
rElec    .         Harm     .   (cloak currently unavailable)
rCorr    .         Rampage  .   (gloves currently unavailable)
Will     .....     NoTele   +   (boots currently unavailable)
Stlth    ++........             (no amulet)
HPRegen  0.09/turn              (no ring)
MPRegen  0.12/turn              (no ring)

@: lethally poisoned (0 -> -3), tree-form
A: no striking features
a: no special abilities


You were on level 2 of the Dungeon.
You were a tree.
You visited 1 branch of the dungeon, and saw 2 of its levels.

You collected 48 gold pieces.

Inventory:

Armour
 a - a +0 robe (melded)
Scrolls
 b - a scroll of remove curse {unknown}
 c - a scroll of blinking {unknown}
 e - a scroll of magic mapping {unknown}
 f - a scroll of identify {unknown}


   Skills:
 + Level 3.0 Dodging
 - Level 2.4 Stealth
 + Level 3.6 Spellcasting
 + Level 1.9 Conjurations
 + Level 3.3 Air Magic


You had 8 spell levels left.
You knew the following spells:

 Your Spells              Type           Power        Failure   Level
a - Shock                 Conj/Air       ##..         4%          1

Your spell library contained the following spells:

 Spells                   Type           Power        Failure   Level
 Swiftness                Air            ###.....     4%          2
 Static Discharge         Conj/Air       ##......     13%         3
 Airstrike                Air            ###.......   32%         4
 Lightning Bolt           Conj/Air       ##........   77%         5


Dungeon Overview and Level Annotations

Branches:
Dungeon (2/15)

Altars:


Message History

There is a lethal amount of poison in your body!
* * * LOW HITPOINT WARNING * * *
You feel sick.
* * * LOW HITPOINT WARNING * * *
You feel sick.
* * * LOW HITPOINT WARNING * * *
You feel sick.
You see here a rat corpse.
* * * LOW HITPOINT WARNING * * *
You feel sick.
* * * LOW HITPOINT WARNING * * *
You feel sick.
You see here a lumpy black potion.
d - a lumpy black potion It was a potion of lignification.
You turn into a tree.
Your +0 robe melds into your body.
Your roots penetrate the ground.
* * * LOW HITPOINT WARNING * * *
You feel sick.
Unknown command.
You die...

#.<.......###
#........(...
#.........#
#.........#
#####.#####
#†#
.######.###
.........)#
.######♣#...#
#.###.# ... #
..... ..#####
#.. #.. ##


There were no monsters in sight!

Vanquished Creatures
  An adder (D:2)
  A dart slug (D:1)
  A leopard gecko (D:1)
  3 giant cockroaches (D:1)
  2 goblins (D:1)
  4 hobgoblins (D:1)
  2 kobolds
  A ball python (D:1)
  3 bats (D:1)
  A frilled lizard (D:1)
  8 rats
27 creatures vanquished.

Notes
Turn   | Place    | Note
-------+----------+-------------------------------------------
     0 | D:1      | stormannn the Deep Elf Air Elementalist began the quest for
                  | the Orb.
     0 | D:1      | Reached XP level 1. HP: 10/10 MP: 6/6
   267 | D:1      | Reached XP level 2. HP: 15/15 MP: 6/8
  1109 | D:2      | Reached XP level 3. HP: 8/19 MP: 1/10
  1122 | D:2      | HP: 1/28 [poisoned by an adder]
  1124 | D:2      | Succumbed to an adder's poison

Illustrated notes

Levels and vault maps discovered:
D:1:      nzn_arrival_settlement, layout_loops_ring, minmay_pentomino_t2
D:2:      layout_rooms, general_overflow_altar, chequers_serial_rivers_micro_a,
          minmay_joined_circles, uniq_jessica

Skill      XL: |  1  2 |
---------------+-------+-----
Dodging        | 3 |  3.0
Stealth        | |  2.4
Spellcasting   | |  3.6
Conjurations   | |  1.9
Air Magic      | |  3.3

Action                   || total
-------------------------++-------
Melee: Unarmed           ||     2
 Cast: Shock             ||    55
  Use: Potion            ||     2
Armor: Robe              ||     2
Dodge: Dodged            ||    10

Table legend: (Time is in decaauts)
 A = Elapsed time spent in this place.
 B = Non-inter-level travel time spent in this place.
 C = Inter-level travel time spent in this place.
 D = Time resting spent in this place.
 E = Time spent auto-exploring this place.
 F = Levels seen in this place.
 G = Mean time per level.
                   A        B        C        D        E       F      G
               +--------+--------+--------+--------+--------+-----+--------+
         Total |   1123 |   1051 |     72 |    389 |    543 |   2 |  561.5 |
       Dungeon |   1123 |   1051 |     72 |    389 |    543 |   2 |  561.5 |
               +--------+--------+--------+--------+--------+-----+--------+

Top non-repeatable levels by time:
     D:1: 1092 daAuts
     D:2: 31 daAuts
